 Dungeon Crawl Stone Soup version 0.30-a0-134-gb40fab5c76 (webtiles) character file.

Game seed: 10427508084830446493

53 Nedwor the Shield-Bearer (level 3, 0/33 HPs)
             Began as a Minotaur Fighter on Sept 20, 2022.
             Slain by a gnoll
             ... wielding a +0 spear
              (2 damage)
             ... on level 2 of the Dungeon.
             The game lasted 00:01:23 (1091 turns).

Nedwor the Shield-Bearer (Minotaur Fighter)         Turns: 1091, Time: 00:01:24

Health: 0/33       AC:  7    Str: 22    XL:     3   Next: 64%
Magic:  2/2        EV: 13    Int:  5    God:
Gold:   58         SH:  4    Dex:  9    Spells: 2/2 levels left

rFire   . . .      SeeInvis .    a - +0 war axe
rCold   + . .      Faith    .    c - +0 buckler
rNeg    . . .      Spirit   .    b - +0 scale mail
rPois   .          Reflect  .    (helmet restricted)
rElec   .          Harm     .    (no cloak)
rCorr   .          Rampage  .    (no gloves)
Will    .....                    (no boots)
Stlth   ..........               (no amulet)
HPRegen 0.11/turn                j - ring of protection from cold
MPRegen 0.08/turn                k - +4 ring of evasion

@: no status effects
A: horns 2, retaliatory headbutt
a: no special abilities


You were on level 2 of the Dungeon.
You visited 1 branch of the dungeon, and saw 2 of its levels.

You collected 58 gold pieces.

Inventory:

Hand Weapons
 a - a +0 war axe (weapon)
Armour
 b - a +0 scale mail (worn)
 c - a +0 buckler (worn)
Jewellery
 j - a ring of protection from cold (left hand)
 k - a +4 ring of evasion (right hand)
Scrolls
 g - 2 scrolls of identify
 i - a scroll of teleportation
Potions
 d - 2 potions of might
 e - a potion of ambrosia


   Skills:
 + Level 4.0 Fighting
 * Level 3.3 Axes
 + Level 4.0 Armour
 + Level 1.2 Dodging
 + Level 4.1 Shields


You had 2 spell levels left.
You didn't know any spells.
Your spell library was empty.

Dungeon Overview and Level Annotations

Branches:
Dungeon (2/15)

Altars:


Innate Abilities, Weirdness & Mutations

You have a pair of horns on your head.
You reflexively headbutt those who attack you in melee.


Message History

The gnoll hits you from afar with a +0 spear. x2
* * * LOW HITPOINT WARNING * * *
The gnoll misses you.
Your Armour skill increases to level 4!
Your Shields skill increases to level 4!
You are too injured to fight recklessly!
Unknown command.
You are too injured to fight recklessly!
You are too injured to fight recklessly!
You hit the jackal but do no damage. You block the jackal's attack.
The jackal bites you.
* * * LOW HITPOINT WARNING * * *
The jackal completely misses you.
You slash the jackal!
You kill the jackal!
The gnoll hits you from afar with a +0 spear.
* * * LOW HITPOINT WARNING * * *
The goblin barely misses you.
You hit the goblin.
You kill the goblin!
The gnoll barely misses you.
You barely miss the gnoll. You headbutt the gnoll!
You kill the gnoll!
The gnoll closely misses you. x2
Your Fighting skill increases to level 4!
You slash the jackal!
You kill the jackal!
The gnoll barely misses you.
You miss the jackal. Your headbutt misses the jackal.
The gnoll hits you but does no damage. You block the jackal's attack.
You barely miss the jackal. You closely miss the jackal.
The jackal bites you but does no damage.
You block the jackal's attack.
The gnoll hits you from afar with a +0 spear.
* * * LOW HITPOINT WARNING * * *
The jackal bites you.
* * * LOW HITPOINT WARNING * * *
The jackal closely misses you.
The gnoll hits you from afar with a +0 spear.
You die...

#.....# # #.....#
#. #.....# # .##
#..†<†### #. ..
#.<.....##
...##.##.....#..##
..?!.#.........#
#.g#h(...#.#.#
#.h@###.....#
#.#.###.#.#.#
#.#...#.....#
..###..###.## ..#
##.....# ...
#.##### .... #.#
..... ..# ..#


You could see a gnoll and 2 jackals.

Vanquished Creatures
  2 gnolls (D:2)
  A worm (D:2)
  A dart slug (D:2)
  4 endoplasms
  3 goblins
  3 hobgoblins (D:1)
  5 jackals
  A ball python (D:1)
  2 bats
  2 frilled lizards (D:1)
  2 kobolds
  2 rats (D:1)
28 creatures vanquished.

Vanquished Creatures (others)
  4 plants (D:1)
4 creatures vanquished.

Grand Total: 32 creatures vanquished

Notes
Turn   | Place    | Note
-------+----------+-------------------------------------------
     0 | D:1      | Nedwor the Minotaur Fighter began the quest for the Orb.
     0 | D:1      | Reached XP level 1. HP: 19/19 MP: 0/0
   411 | D:1      | Reached XP level 2. HP: 24/27 MP: 1/1
  1052 | D:2      | Reached skill level 1 in Dodging
  1062 | D:2      | Reached XP level 3. HP: 32/33 MP: 2/2
  1091 | D:2      | Slain by a gnoll

Illustrated notes

Levels and vault maps discovered:
D:1:      saegor_arrival_fortress, layout_loops_ring, serial_forest,
          infiniplex_forest_clump_tiny, infiniplex_forest_pool,
          infiniplex_forest_clump_long, infiniplex_forest_lined_2,
          infiniplex_forest_lined_3, chequers_mini_garden, minmay_box_of_dots
D:2:      layout_rooms, glass_columns_a, minmay_octomino_j4,
          uniq_crazy_yiuf_cottage

Skill      XL: |  1  2  3 |
---------------+----------+-----
Axes           | 3 |  3.3
Dodging        | 1 |  1.2
Armour         | 4 |  4.0
Shields        | 4 |  4.1
Fighting       | 4 |  4.0

Action                   || total
-------------------------++-------
Melee: War axe           ||    57
       Headbutt          ||    11
  Use: Scroll            ||     4
Armor: Scale mail        ||    14
Dodge: Dodged            ||    46
Block: Buckler           ||    13

Table legend: (Time is in decaauts)
 A = Elapsed time spent in this place.
 B = Non-inter-level travel time spent in this place.
 C = Inter-level travel time spent in this place.
 D = Time resting spent in this place.
 E = Time spent auto-exploring this place.
 F = Levels seen in this place.
 G = Mean time per level.
                   A        B        C        D        E       F      G
               +--------+--------+--------+--------+--------+-----+--------+
         Total |   1112 |   1090 |     22 |     32 |    901 |   2 |  556.0 |
       Dungeon |   1112 |   1090 |     22 |     32 |    901 |   2 |  556.0 |
               +--------+--------+--------+--------+--------+-----+--------+

Top non-repeatable levels by time:
     D:1: 1057 daAuts
     D:2: 55 daAuts
